 Dungeon Crawl Stone Soup version 0.30.0 (webtiles) character file.

Game seed: 5960858236429740385

177360 brinewave the Severer (level 17, -14/160 HPs)
             Began as a Minotaur Berserker on May 19, 2023.
             Was a High Priest of Trog.
             Demolished by a spark wasp (16 damage)
             ... on level 4 of the Spider Nest.
             The game lasted 01:47:37 (31380 turns).

brinewave the Severer (Minotaur Berserker)         Turns: 31380, Time: 01:47:38

Health: -14/160    AC: 28    Str: 22 (24) XL:     17   Next: 54%
Magic:  0/16       EV: 12    Int:  4      God:    Trog [*****.]
Gold:   685        SH: 19    Dex: 15      Spells: 16/16 levels left

rFire   + . .        a - +7 broad axe of Vinu {drain, rN++ Str-2 Dex+3 Stlth+}
rCold   . . .        G - +0 tower shield
rNeg    + + .        S - +2 plate armour {Will+}
rPois   +            o - +2 hat
rElec   .            Y - +2 cloak {rPois}
rCorr   .            (no gloves)
SInv    +            c - +2 pair of boots {rampage}
Will    ++...        L - amulet of the acrobat Stlth
                     g - ring of see invisible
HPRegen 0.46/turn    O - ring of protection from fire
MPRegen 0.15/turn

%: acrobat, rampage
@: on berserk cooldown, slowed, very slow
A: horns 2, retaliatory headbutt, weak 1
a: Renounce Religion, Berserk, Trog's Hand, Brothers in Arms


You were on level 4 of the Spider Nest.
You worshipped Trog.
Trog was extremely pleased with you.
You visited 4 branches of the dungeon, and saw 26 of its levels.
You also visited: Ice Cave.

You collected 3745 gold pieces.
You spent 3060 gold pieces at shops.

Inventory:

Hand Weapons
 a - the +7 broad axe of Vinu (weapon) {drain, rN++ Str-2 Dex+3 Stlth+}
   (You acquired it on level 2 of the Lair of Beasts)

   Str:       It affects your strength (-2).
   Dex:       It affects your dexterity (+3).
   rN:        It greatly protects you from negative energy.
   Stlth:     It makes you more stealthy.
 b - a +4 broad axe of flaming
 w - a +2 heavy broad axe
Missiles
 e - 18 poisoned darts
 h - 10 javelins
 j - 15 atropa-tipped darts
 s - 25 boomerangs (quivered)
 y - 3 silver javelins
Armour
 c - a +2 pair of boots of rampaging (worn)
 o - a +2 hat (worn)
 p - a +0 ring mail of poison resistance
 t - the +0 ring mail of the Old World {rF++ Will+}
   (You found it on level 12 of the Dungeon)

   rF:        It greatly protects you from fire.
   Will:      It increases your willpower.
 G - a +0 tower shield (worn)
 K - a scarf of repulsion
 M - a +1 chain mail of positive energy
 S - a +2 plate armour of willpower (worn)
 Y - a +2 cloak of poison resistance (worn)
 Z - a +0 chain mail of cold resistance
Jewellery
 g - a ring of see invisible (left hand)
 r - a ring of resist corrosion
 L - an amulet of the acrobat (around neck)
 O - a ring of protection from fire (right hand)
Wands
 A - a wand of mindburst (27)
 F - a wand of polymorph (15)
 P - a wand of roots (6)
 R - a wand of digging (7)
 W - a wand of light (5)
 X - a wand of charming (10)
Scrolls
 d - 3 scrolls of magic mapping
 k - 17 scrolls of teleportation
 q - 3 scrolls of poison
 u - 5 scrolls of blinking
 x - 4 scrolls of fog
 C - 3 scrolls of fear
 D - 3 scrolls of summoning
 E - a scroll of enchant armour
 H - 2 scrolls of identify
 I - 5 scrolls of enchant weapon
 Q - 4 scrolls of immolation
Potions
 f - 6 potions of curing
 i - 7 potions of flight
 l - a potion of berserk rage
 m - 5 potions of magic
 n - 5 potions of mutation
 v - a potion of might
 z - 6 potions of haste
 B - 7 potions of ambrosia
 J - a potion of cancellation
 T - 2 potions of invisibility
Miscellaneous
 N - a phial of floods
 U - a condenser vane
 V - a box of beasts


   Skills:
 + Level 16.6 Fighting
 - Level 20.0 Axes
 + Level 7.0 Throwing
 + Level 16.4 Armour
 + Level 15.1 Dodging
 + Level 16.1 Shields


You had 16 spell levels left.
You didn't know any spells.
Your spell library was empty.

Dungeon Overview and Level Annotations

Branches:
Dungeon (15/15)            Temple (0/1) D:7            Lair (5/5) D:8
 Shoals (0/4) Lair:2       Spider (4/4) Lair:2        Slime (0/5) Lair:4
    Orc (2/2) D:11            Elf (0/3) Orc:2        Vaults (0/5) D:14
 Depths (0/4) D:15          IceCv (visited)

Altars:
Cheibriados
Hepliaklqana
Nemelex Xobeh
Sif Muna
Trog
Uskayaw
Wu Jian
Yredelemnul
Jiyva

Shops:
D:3 ?[:   D:4 *   Orc:2 :=*[*

Portals:
Pandemonium: Orc:2


Innate Abilities, Weirdness & Mutations

You have a pair of horns on your head.
You reflexively headbutt those who attack you in melee.
You are weak. (Str -2)


Message History

The tarantella splashes around in the water.
The tarantella is healed somewhat.
You slice the wolf spider!! You drain the wolf spider.
You kill the wolf spider!
Trog accepts your kill.
You closely miss the tarantella. You hit the ghost moth.
You drain the ghost moth.
You are no longer berserk.
You are exhausted.
You feel yourself slow down.
The tarantella splashes around in the water.
The ghost moth stares at you. You block the ghost moth's attack.
The ghost moth hits you but does no damage.
The ghost moth stings you but does no damage.
The tarantella splashes around in the water.
You slice the tarantella!!
The tarantella is severely wounded.
You hit the ghost moth but do no damage.
You drain the ghost moth.
You carefully extract the barbed spikes from your body.
The tarantella splashes around in the water. x2
Unknown command.
Okay, then.
Okay, then.
Your troll goes berserk!
You block the tarantella's attack.
The tarantella splashes around in the water.
The moth of wrath goads the tarantella on!
The tarantella goes berserk!
The ghost moth stares at you.
You feel your power leaking away. You block the ghost moth's attack.
The ghost moth hits you but does no damage.
The ghost moth stings you but does no damage.
The tarantella touches you but does no damage.
The spark wasp stings you!!
* * * LOW HITPOINT WARNING * * *
The spark wasp shocks you!
You die...

...#....~≈≈# ##≈≈~....^[..
#..#....~≈≈#^#..[.^^.#≈≈~...#...#
..^#....~≈≈# ..φ!!.. #≈≈†)...#...
........~≈≈# ..![!.. #≈≈~.#.#^...
...#....~≈≈# .[!!. #≈≈~...###..
...~....~≈≈## #)..# ##≈≈~........
.......#~≈≈≈## ~.y ##≈≈≈~...~~...
/##~...^~~≈≈≈###y###≈≈≈≈~.~#.~.#.
.####~...~~s≈≈≈s@y≈≈≈≈≈~~.~^.~...
####.#.#..~~≈≈Ts.~≈≈≈≈~...^.~#...
#.#^...#.~~s~.^#~~~~~#..^..^..^
##^.........^.^^..^............
#~##^..^...#.^#~..#......#.....
###.....#..#..^..#......^...#..
#...^.^.^^^..#.^...^#...##...
#^^....^#......#........^...#
#####..............^##.^.^#..


You could see a ghost moth (invisible, drained), a spark wasp, a moth of wrath,
2 culicivoras, 2 tarantellas and a friendly troll (summoned, berserk).

Vanquished Creatures
  Arachne (Spider:2)
  Mlioglotl (Spider:4)
  Kirke (Spider:2)
  Gastronok (D:9)
  2 emperor scorpions
  3 ghost moths (Spider:4)
  Louise (D:15)
  2 broodmothers
  2 dire elephants (Spider:2)
  2 spark wasps
  An ettin (Orc:2)
  Fannar (Orc:1)
  4 entropy weavers
  6 hydras
  A catoblepas (D:15)
  Erolcha (D:13)
  4 vault guards (D:14)
  2 demonspawn (Orc:2)
  An ogre mage (D:15)
  A jorogumo (Spider:1)
  5 radroaches
  6 centaur warriors
  2 ironbound frosthearts (IceCv)
  6 two-headed ogres
  5 boulder beetles
  15 death yaks
  Urug (D:13)
  9 orc high priests
  Nergalle (D:11)
  A deep elf knight (Spider:3)
  A skyshark (Lair:2)
  6 pharaoh ants
  15 orb spiders
  A deep elf archer (Spider:3)
  8 deep elf pyromancers
  7 steelbarb worms
  Pikel (D:5)
  A deep elf zephyrmancer (D:15)
  5 orc knights
  An oklob plant (Lair:1)
  A lindwurm (Lair:5)
  A necromancer (D:15)
  17 wolf spiders
  6 cyclopes
  7 orc sorcerers
  4 manticores
  15 ugly things
  3 moths of wrath
  3 elephants (Lair:1)
  4 black mambas
  A centaur zombie (D:15)
  An ice statue (IceCv)
  3 naga magi (D:15)
  4 torpor snails
  2 gargoyles (D:12)
  4 demonic crawlers
  11 cane toads
  2 unseen horrors (D:12)
  An orange demon (Orc:2)
  Maggie (D:7)
  2 efreet (D:14)
  11 rime drakes
  A centaur skeleton (D:15)
  A kobold demonologist (D:12)
  9 komodo dragons
  2 red devils (Orc:2)
  17 polar bears
  5 trolls
  A hellwing (Orc:2)
  3 hornets (Lair:5)
  3 meliai
  A queen bee (Spider:2)
  A raiju (Spider:3)
  19 tarantellas
  3 blink frogs (Lair:3)
  6 dream sheep
  13 slime creatures
  2 shadows (D:12)
  A centaur simulacrum (D:11)
  20 culicivoras
  2 wyverns
  A water elemental (D:15)
  30 jumping spiders
  15 spriggans (Lair:5)
  58 yaks
  4 basilisks
  2 vampires
  2 wraiths
  4 hogs (Spider:2)
  A golden eye (shapeshifter) (D:13)
  2 fire elementals (Spider:2)
  54 redbacks
  Menkaure (D:4)
  7 vampire mosquitoes
  A swamp worm (Lair:2)
  4 hell hounds
  11 water moccasins
  A meliai simulacrum (D:11)
  27 orc warriors
  6 black bears
  A sky beast (D:7)
  4 boggarts (Lair:5)
  39 wolves
  10 ogres
  20 centaurs
  A phantom (D:4)
  A kobold brigand (D:7)
  A lemure (D:5)
  3 gnoll sergeants
  5 scorpions
  12 bullfrogs
  6 earth elementals (D:15)
  3 wights (D:9)
  22 killer bees
  8 howler monkeys
  3 electric eels (D:15)
  A hound (D:6)
  5 jellies
  18 orc priests
  2 sleepcaps
  3 iguanas
  10 orc wizards
  A boggart skeleton (D:15)
  6 hell rats (Lair:4)
  17 gnolls
  4 adders
  2 shadow imps
  3 white imps
  4 ufetubi
  2 dart slugs (D:2)
  66 orcs
  8 ball pythons
  4 bats
  6 endoplasms
  2 giant cockroaches
  5 goblins
  2 hobgoblins (D:3)
  11 kobolds
  2 quokkas
  3 frilled lizards
  5 rats
911 creatures vanquished.

Vanquished Creatures (collateral kills)
  A spark wasp (Spider:2)
  Azrael (Spider:3)
  An entropy weaver (Spider:2)
  A tengu warrior (D:14)
  An orb spider (Spider:4)
  A meliai (Spider:2)
  2 tarantellas
  A redback (Spider:2)
9 creatures vanquished.

Vanquished Creatures (others)
  A jumping spider (Spider:4)
  2 culicivoras (Spider:4)
  2 humans (Spider:2)
  39 fungi
  49 plants
93 creatures vanquished.

Grand Total: 1013 creatures vanquished

Notes
Turn   | Place    | Note
-------+----------+-------------------------------------------
     0 | D:1      | brinewave the Minotaur Berserker began the quest for the
                  | Orb.
     0 | D:1      | Reached XP level 1. HP: 19/19 MP: 0/0
   882 | D:2      | Reached skill level 4 in Axes
   882 | D:2      | Reached XP level 2. HP: 27/27 MP: 1/1
  1044 | D:2      | Identified the +1 hand axe "Ecouruet" {freeze, rN+ Int+4}
  1050 | D:2      | Found a snail-covered altar of Cheibriados.
  1066 | D:2      | Reached XP level 3. HP: 33/33 MP: 2/2
  1444 | D:3      | Reached ** piety under Trog
  1513 | D:3      | Found Bugoheif's Magic Scroll Emporium.
  1519 | D:3      | Bought a scroll of teleportation for 33 gold pieces
  1519 | D:3      | Bought a scroll of identify for 22 gold pieces
  1519 | D:3      | Bought a scroll of identify for 22 gold pieces
  1519 | D:3      | Bought a scroll of identify for 22 gold pieces
  1525 | D:3      | Identified a scroll of acquirement
  1526 | D:3      | Acquired a +2 pair of boots of rampaging
  1563 | D:3      | Found Piakk's Antique Armour Shop.
  1591 | D:3      | Found a faded altar of an unknown god.
  1594 | D:3      | Found a hazy altar of Hepliaklqana.
  1596 | D:3      | Found a faded altar of an unknown god.
  1651 | D:3      | Found Igoheap's Book Shoppe.
  1869 | D:3      | Found a faded altar of an unknown god.
  2046 | D:4      | Found Fafel's Neck Hole.
  2186 | D:4      | Noticed a scorpion
  2193 | D:4      | Killed a scorpion
  2194 | D:4      | Reached skill level 5 in Axes
  2194 | D:4      | Reached skill level 1 in Shields
  2194 | D:4      | Reached XP level 4. HP: 35/41 MP: 3/3
  2344 | D:4      | Noticed a phantom
  2349 | D:4      | Killed a phantom
  2350 | D:4      | Reached XP level 5. HP: 47/47 MP: 4/4
  2651 | D:4      | Noticed Menkaure
  2661 | D:4      | Killed Menkaure
  2662 | D:4      | Reached skill level 6 in Axes
  2662 | D:4      | Reached XP level 6. HP: 49/55 MP: 5/5
  2767 | D:4      | Reached skill level 5 in Fighting
  3265 | D:5      | Entered Level 5 of the Dungeon
  3292 | D:5      | Found a bloodstained altar of Trog.
  3299 | D:5      | Noticed Pikel
  3328 | D:5      | Killed Pikel
  3329 | D:5      | Reached skill level 7 in Axes
  3329 | D:5      | Reached XP level 7. HP: 47/62 MP: 6/6
  3523 | D:5      | Reached skill level 5 in Armour
  3523 | D:5      | Reached XP level 8. HP: 70/70 MP: 7/7
  3567 | D:5      | Reached skill level 8 in Axes
  3662 | D:5      | Reached skill level 5 in Dodging
  3692 | D:5      | You fall into a shaft and drop 1 floor!
  3709 | D:6      | Reached *** piety under Trog
  4112 | D:5      | Found a bloodstained altar of Trog.
  4211 | D:6      | Found a basalt altar of Yredelemnul.
  5139 | D:6      | Reached skill level 9 in Axes
  5139 | D:6      | Reached skill level 5 in Shields
  5438 | D:7      | Reached XP level 9. HP: 55/78 MP: 8/8
  5750 | D:7      | Found a staircase to the Ecumenical Temple.
  5754 | D:7      | Noticed Maggie
  5772 | D:7      | Killed Maggie
  5991 | D:7      | Reached skill level 10 in Axes
  6566 | D:8      | Found a staircase to the Lair.
  6658 | D:7      | Reached **** piety under Trog
  6702 | D:8      | Reached XP level 10. HP: 77/88 MP: 9/9
  7240 | D:9      | Reached skill level 11 in Axes
  7443 | D:9      | Noticed Gastronok
  7465 | D:9      | Killed Gastronok
  7997 | D:10     | Entered Level 10 of the Dungeon
  8294 | D:10     | Reached skill level 12 in Axes
  8747 | D:4      | Bought a scarf of repulsion for 120 gold pieces
  8747 | D:4      | Bought an amulet of the acrobat for 300 gold pieces
  9435 | D:10     | Reached XP level 11. HP: 86/97 MP: 10/10
  9589 | D:11     | Noticed Nergalle
  9615 | D:11     | Killed Nergalle
  9952 | D:11     | Noticed a two-headed ogre
  9966 | D:11     | Killed a two-headed ogre
  9990 | D:11     | Noticed a centaur warrior
 10012 | D:11     | Killed a centaur warrior
 10013 | D:11     | Reached skill level 13 in Axes
 10257 | D:11     | Identified the +2 scimitar "Dyurio" {heavy, rPois Int-4
                  | SInv Stlth+}
 10258 | D:11     | Identified the +8 rapier of Naocs {flame, rElec rPois Str+4
                  | Dex-3}
 10621 | D:11     | Found a staircase to the Orcish Mines.
 10943 | D:12     | Noticed a boulder beetle
 10971 | D:12     | Killed a boulder beetle
 10972 | D:12     | Reached skill level 10 in Fighting
 11120 | D:12     | Reached ***** piety under Trog
 11298 | D:12     | Reached skill level 14 in Axes
 11320 | D:12     | Found the +6 shillelagh "Devastator" {shatter}
 11386 | D:12     | Identified the +0 ring mail of the Old World {rF++ Will+}
 11413 | D:12     | Noticed a purple ugly thing
 11421 | D:12     | Killed a purple ugly thing
 11422 | D:12     | Reached XP level 12. HP: 104/107 MP: 11/11
 11500 | D:12     | Found a shimmering blue altar of Sif Muna.
 11661 | D:12     | Reached skill level 10 in Armour
 11740 | D:12     | Noticed a boulder beetle
 11754 | D:12     | Killed a boulder beetle
 11933 | Lair:1   | Entered Level 1 of the Lair of Beasts
 11963 | Lair:1   | Noticed a death yak
 11977 | Lair:1   | Noticed a death yak
 11979 | Lair:1   | Noticed a death yak
 11986 | Lair:1   | Killed a death yak
 11987 | Lair:1   | Killed a death yak
 11988 | Lair:1   | Killed a death yak
 12071 | Lair:1   | Noticed a six-headed hydra
 12073 | Lair:1   | Found a frozen archway.
 12076 | Lair:1   | Killed a six-headed hydra
 12131 | IceCv    | Entered an ice cave
 12227 | IceCv    | Reached skill level 10 in Shields
 12310 | IceCv    | Reached skill level 15 in Axes
 12443 | IceCv    | Reached skill level 10 in Dodging
 12495 | IceCv    | Noticed a death yak
 12496 | IceCv    | Noticed a death yak
 12511 | IceCv    | Killed a death yak
 12513 | IceCv    | Killed a death yak
 12684 | IceCv    | Noticed a death yak
 12684 | IceCv    | Noticed a death yak
 12684 | IceCv    | Noticed a death yak
 12684 | IceCv    | Noticed an ironbound frostheart
 12684 | IceCv    | Noticed an ironbound frostheart
 12684 | IceCv    | Noticed a death yak
 12691 | IceCv    | Killed a death yak
 12692 | IceCv    | Reached XP level 13. HP: 111/116 MP: 12/12
 12703 | IceCv    | Received a gift from Trog
 12704 | IceCv    | Reached skill level 16 in Axes
 14420 | Lair:2   | Found a staircase to the Shoals.
 14955 | Lair:2   | Found a hole to the Spider Nest.
 15074 | Lair:2   | Identified the +1 trident of Ockollute {freeze, rF++}
 15076 | Lair:2   | Acquired the +7 broad axe of Vinu {drain, rN++ Str-2 Dex+3
                  | Stlth+}
 15212 | Lair:3   | Found a snail-covered altar of Cheibriados.
 15599 | Lair:3   | Reached skill level 17 in Axes
 15816 | Lair:3   | Found an ornate altar of the Wu Jian Council.
 16363 | Lair:4   | Found a viscous altar of Jiyva.
 16402 | Lair:4   | Found a staircase to the Slime Pits.
 16475 | Lair:4   | Found a hazy altar of Hepliaklqana.
 16478 | Lair:4   | Reached XP level 14. HP: 127/127 MP: 13/13
 16734 | Lair:4   | Received a gift from Trog
 17197 | Lair:5   | Entered Level 5 of the Lair of Beasts
 17904 | Lair:5   | Reached skill level 18 in Axes
 18451 | Lair:5   | Identified the staff of earth "Boppapt" {rC+ rCorr Str+2}
 18850 | Orc:1    | Entered Level 1 of the Orcish Mines
 18862 | Orc:1    | Received a gift from Trog
 19286 | Orc:2    | Entered Level 2 of the Orcish Mines
 19391 | Orc:2    | Found Limeits's General Store.
 19442 | Orc:2    | Found Makuapowny's General Store.
 19534 | Orc:2    | Bought 3 scrolls of teleportation for 144 gold pieces
 19534 | Orc:2    | Bought a potion of haste for 160 gold pieces
 19534 | Orc:2    | Bought a +2 plate armour of willpower for 640 gold pieces
 19686 | Orc:2    | Bought a scroll of enchant armour for 105 gold pieces
 19686 | Orc:2    | Bought a scroll of vulnerability for 56 gold pieces
 19686 | Orc:2    | Bought 2 potions of curing for 84 gold pieces
 20081 | Orc:2    | Received a gift from Trog
 20095 | Orc:2    | Reached XP level 15. HP: 57/137 MP: 14/14
 20402 | Orc:2    | Found Ycwuif's Book Boutique.
 20402 | Orc:2    | Noticed a walking crystal tome
 20402 | Orc:2    | Noticed a walking divine tome
 20570 | Orc:1    | Noticed Fannar
 20584 | Orc:1    | Killed Fannar
 20622 | Orc:1    | You fall into a shaft and drop 1 floor!
 20862 | Orc:2    | Reached skill level 19 in Axes
 20901 | Orc:2    | Found Cihicinn's Antique Armour Emporium.
 20901 | Orc:2    | Found Liuzo's Jewellery Shoppe.
 20902 | Orc:2    | Found a one-way gate leading to the halls of Pandemonium.
 20981 | Orc:2    | Found a staircase to the Elven Halls.
 21482 | D:3      | Bought a scroll of acquirement for 572 gold pieces
 21482 | D:3      | Acquired 923 gold pieces
 21736 | Orc:2    | Bought a shiny plate armour for 780 gold pieces
 22281 | D:13     | Noticed Urug
 22292 | D:13     | Killed Urug
 22375 | D:13     | Found a runed translucent door.
 22473 | D:13     | Received a gift from Trog
 22654 | D:13     | Noticed Erolcha
 22657 | D:13     | Killed Erolcha
 23183 | D:14     | Found a gate to the Vaults.
 23965 | D:14     | Found a hide-covered altar of Uskayaw.
 24241 | D:15     | Entered Level 15 of the Dungeon
 24262 | D:15     | Noticed Louise
 24270 | D:15     | Reached skill level 20 in Axes
 24566 | D:15     | Reached skill level 1 in Throwing
 24596 | D:15     | Killed Louise
 25010 | D:15     | Reached XP level 16. HP: 145/147 MP: 15/15
 25144 | D:15     | Found a sparkling altar of Nemelex Xobeh.
 25206 | D:15     | Reached ****** piety under Trog
 25319 | D:15     | Found a staircase to the Depths.
 25684 | Spider:1 | Entered Level 1 of the Spider Nest
 25719 | Spider:1 | Reached skill level 15 in Fighting
 25735 | Spider:1 | Received a gift from Trog
 25942 | Spider:1 | HP: 6/149 [radroach (10)]
 25945 | Spider:1 | Gained mutation: You are weak. (Str -2) [mutagenic glow]
 26291 | Spider:1 | Reached skill level 15 in Armour
 26598 | Spider:2 | Noticed Kirke
 26623 | Spider:2 | Noticed a sphinx
 26633 | Spider:2 | Killed Kirke
 26643 | Spider:2 | Received a gift from Trog
 27083 | Spider:2 | Noticed Arachne
 27102 | Spider:2 | Reached skill level 15 in Shields
 27110 | Spider:2 | Killed Arachne
 27606 | Spider:2 | Reached skill level 5 in Throwing
 28159 | Spider:3 | Noticed Azrael
 28376 | Spider:3 | Killed Azrael
 28382 | Spider:3 | Received a gift from Trog
 28879 | Spider:3 | Reached XP level 17. HP: 109/158 MP: 16/16
 29379 | Spider:4 | Entered Level 4 of the Spider Nest
 30188 | Spider:4 | Noticed Mlioglotl
 30211 | Spider:4 | Killed Mlioglotl
 30883 | Spider:4 | Received a gift from Trog
 30891 | Spider:4 | Reached skill level 15 in Dodging
 31380 | Spider:4 | HP: 2/160 [spark wasp (18)]
 31380 | Spider:4 | Demolished by a spark wasp

Illustrated notes

Levels and vault maps discovered:
D:1:      erik_arrival_orb_chamber, layout_basic
D:2:      layout_rooms, basic_altar
D:3:      layout_rooms, nicolae_hepliaklqana_ecumenical_no_more, serial_shops,
          shop, shop, shop, shapermc_ecumenical_altar_ellora
D:4:      layout_basic, small_statue_intersection,
          nicolae_shop_sticking_my_neck_out, uniq_menkaure
D:5:      layout_basic, hangedman_feature_mirror, minmay_misc_feat_x, uniq_pikel
D:6:      layout_loops_corners, yredelemnul_altar_generic
D:7:      layout_basic, minmay_temple_entry_hall, uniq_maggie
D:8:      layout_loops_ring, grunt_lair_entry_orc_guard_hut,
          kennysheep_nondescript
D:9:      layout_irregular_city, uniq_gastronok
D:10:     layout_long_grid
D:11:     layout_roguey, orc_0_dummy, minmay_radiant, uniq_nergalle
D:12:     layout_roguey, led_sif_pool
D:13:     layout_gridville, lightli_church_of_beogh, uniq_erolcha, uniq_urug
D:14:     layout_roguey, lightli_vaults_fourway_checkpoint,
          nicolae_uskayaw_en_pointe, hangedman_decor_lopped
D:15:     grunt_enter_depths_magical_seal, layout_cave_pools,
          nemelex_xobeh_ov_fountains_minmay, serial_bayou, serial_bayou_ford_a,
          serial_bayou_shore_a, serial_bayou_pond_a, serial_bayou_pond_a,
          hangedman_cracks_in_the_wall, uniq_louise
Lair:1:   layout_long_grid, portal_ice_cave_entry_pillars_1,
          infiniplex_staircase_pool_2, lemuel_fruit_fields
Lair:2:   layout_long_grid, elwin_shoals_entry_rocks,
          spider_nest_entry_funnel_web, worms_lemuel
Lair:3:   layout_gridlike, basic_altar, lemuel_centaur_altar
Lair:4:   layout_roguey, slime_entry_1, basic_altar, minmay_lair_drake_nest
Lair:5:   minmay_lair_end_enchanted_forest, layout_cave_pods
Spider:1: layout_spider_delve
Spider:2: layout_spider_delve, special_room [special_room_bee],
          hangedman_spider_tarantella_strand, uniq_arachne, uniq_kirke
Spider:3: layout_spider_delve, beargit_elvish_explorers, uniq_azrael
Spider:4: grunt_spider_rune_island, uniq_mlioglotl
Orc:1:    layout_caves, mines2_david, uniq_fannar
Orc:2:    pf_orc_diabolical, layout_diamond_mine, serial_shops,
          nicolae_shop_mannequins

Skill      XL: |  1  2  3  4  5  6  7  8  9 10 11 12 13 14 15 16 17 |
---------------+----------------------------------------------------+-----
Axes           | 4 5 6 7 9 10 12 14 15 17 18 20 | 20.0
Fighting       | 4 5 6 8 9 10 11 12 13 14 16 | 16.6
Armour         | 3 4 5 6 7 8 9 11 12 13 14 15 16 | 16.4
Dodging        | 3 4 5 6 7 9 10 11 12 13 14 15 | 15.1
Shields        | 1 2 3 5 6 8 9 10 11 13 14 15 16 | 16.1
Throwing       | 1 5 7 |  7.0

Action                     |  1- 3 |  4- 6 |  7- 9 | 10-12 | 13-15 | 16-18 || total
---------------------------+-------+-------+-------+-------+-------+-------++-------
  Melee: Morningstar       |    35 |       |       |       |       |       ||    35
         Hand axe          |    40 |    52 |   266 |   375 |       |       ||   733
         Headbutt          |     6 |     8 |    60 |   162 |   227 |   203 ||   666
         Shillelagh        |       |       |       |   140 |   107 |       ||   247
         Broad axe         |       |       |       |       |   929 |   782 ||  1711
  Throw: Dart              |     2 |       |       |       |       |       ||     2
         Boomerang         |       |       |       |       |       |    17 ||    17
 Invoke: Berserk           |       |     1 |       |     3 |     1 |     4 ||     9
         Brothers in Arms  |       |       |       |       |     1 |     5 ||     6
         Trog's Hand       |       |       |       |       |     1 |     2 ||     3
    Use: Scroll            |    11 |     2 |     4 |     5 |     9 |     1 ||    32
         Potion            |       |       |       |       |       |     2 ||     2
   Stab: Sleeping          |       |       |       |       |     4 |       ||     4
         Distracted        |       |       |       |       |     1 |     1 ||     2
 Armour: Animal skin       |     3 |       |       |       |       |       ||     3
         Scale mail        |    26 |    25 |    75 |       |       |       ||   126
         Plate armour      |       |       |    42 |   126 |   148 |   329 ||   645
         Ring mail         |       |       |       |    15 |    94 |       ||   109
         Ice dragon scales |       |       |       |    16 |     6 |       ||    22
  Dodge: Dodged            |    43 |    23 |   109 |   187 |   362 |   355 ||  1079
         Repelled          |       |       |       |     2 |     2 |       ||     4
  Block: Buckler           |       |     7 |    57 |    37 |       |       ||   101
         Kite shield       |       |       |       |   124 |   574 |    26 ||   724
         Tower shield      |       |       |       |       |       |   829 ||   829
